 Dungeon Crawl Stone Soup version 0.29.1-12-g30fa7ad0bf (webtiles) character file.

Game seed: 3449341302626901519

59 xian the Trooper (level 3, -1/37 HPs)
             Began as a Troll Abyssal Knight on Dec 28, 2022.
             Was a Priest of Lugonu.
             Slain by an orc
             ... wielding a +0 dagger
              (3 damage)
             ... on level 4 of the Dungeon.
             The game lasted 00:03:56 (2340 turns).

xian the Trooper (Troll Abyssal Knight)             Turns: 2340, Time: 00:03:57

Health: -1/37      AC:  5    Str: 23    XL:     3   Next: 78%
Magic:  3/3        EV: 10    Int:  6    God:    Lugonu [***...]
Gold:   117        SH:  0    Dex: 10    Spells: 2/2 levels left

rFire   . . .      SeeInvis .   a - +1 mace
rCold   . . .      Faith    .   (no shield)
rNeg    . . .      Spirit   .   b - +0 robe
rPois   .          Reflect  .   (helmet restricted)
rElec   .          Harm     .   m - +0 cloak
rCorr   .          Rampage  .   (gloves unavailable)
Will    .....                   (boots unavailable)
Stlth   +.........              (no amulet)
HPRegen 0.92/turn               (no ring)
MPRegen 0.08/turn               (no ring)

@: no status effects
A: large, unfitting armour, claws 3, regeneration 1, shaggy fur 1, tough skin 1
a: Renounce Religion, Depart the Abyss, Bend Space, Banish


You were on level 4 of the Dungeon.
You worshipped Lugonu.
Lugonu was most pleased with you.
You visited 1 branch of the dungeon, and saw 4 of its levels.
You visited the Abyss 1 time.

You collected 117 gold pieces.

Inventory:

Hand Weapons
 a - a +1 mace (weapon)
Missiles
 i - 7 stones (quivered)
 n - 2 boomerangs
Armour
 b - a +0 robe (worn)
 m - a +0 cloak (worn)
Scrolls
 c - a scroll of amnesia {unknown}
 o - a scroll of blinking
Potions
 d - a potion of haste {unknown}
 e - a potion of degeneration {unknown}
 f - 3 potions of curing {unknown}
 g - 2 potions of attraction {unknown}
 h - a potion of brilliance {unknown}
 k - a potion of mutation {unknown}
 l - a potion of might


   Skills:
 + Level 3.1 Fighting
 + Level 2.4 Maces & Flails
 + Level 2.3 Dodging
 * Level 1.9 Invocations


You had 2 spell levels left.
You didn't know any spells.
Your spell library contained the following spells:

 Spells                   Type           Power      Damage    Failure   Level
 Scorch                   Fire           0%         2d5       58%         2
 Flame Wave               Conj/Fire      0%         2d4       99%         4
 Summon Cactus Giant      Summ           0%         N/A       100%        6


Dungeon Overview and Level Annotations

Branches:
Dungeon (3/15)

Altars:


Innate Abilities, Weirdness & Mutations

You are too large for most types of armour.
You have claws for hands.
Your natural rate of healing is unusually fast.
You are covered in fur. (AC +1)
You have tough skin. (AC +1)


Message History

The ufetubus completely misses you. The orc barely misses you.
The orc hits you but does no damage. The orc hits you with a +0 dagger.
The ufetubus hits you but does no damage.
The ufetubus barely misses you.
You hit the orc but do no damage.
The orc is almost dead.
The ufetubus misses you. The ufetubus barely misses you.
The orc hits you but does no damage. The orc closely misses you. x2
The ufetubus barely misses you. The ufetubus closely misses you.
You hit the orc.
You kill the orc!
Lugonu accepts your kill. The orc hits you with a +0 flail.
The ufetubus hits you but does no damage.
The ufetubus hits you. The orc hits you but does no damage.
The orc hits you with a +0 dagger. The orc hits you with a +0 flail.
* * * LOW HITPOINT WARNING * * *
The ufetubus hits you but does no damage.
The ufetubus completely misses you. The ufetubus closely misses you.
The ufetubus hits you but does no damage.
The orc barely misses you.
Things that are here:
a +0 flail; a +0 mace The orc attacks as you move away!
The orc barely misses you. The ufetubus barely misses you.
The ufetubus closely misses you.
Unknown command.
You miss the ufetubus.
The ufetubus hits you but does no damage.
The ufetubus barely misses you. The ufetubus closely misses you.
The ufetubus barely misses you. The orc hits you with a +0 flail!
* * * LOW HITPOINT WARNING * * *
You hit the ufetubus.
The ufetubus is lightly wounded.
The ufetubus hits you.
* * * LOW HITPOINT WARNING * * *
The ufetubus hits you.
* * * LOW HITPOINT WARNING * * *
The orc hits you but does no damage. The orc hits you with a +0 dagger.
You die...

......##.......#....#
...................##
...>##..###.........#
...#
##.#...#.#.#.#.## ...
#...#..........## ...
#......#.#.#.#...#.
..
..................# .
.......#.#o#.#..#
####.....)5@...#
......#.#o#.#.#
.##...........#
###.........#
#..##......# ..##
#.......# ..#
#......... ##
#..####..#


You could see 2 orcs and an ufetubus.

Vanquished Creatures
  A worm (D:4)
  2 orcs (D:4)
  4 ball pythons
  3 endoplasms
  2 giant cockroaches
  5 hobgoblins
  4 jackals (D:1)
  4 kobolds
  3 quokkas (D:1)
  9 bats
  2 frilled lizards
  6 goblins
  2 rats (D:1)
47 creatures vanquished.

Notes
Turn   | Place    | Note
-------+----------+-------------------------------------------
     0 | Abyss:1  | xian the Troll Abyssal Knight began the quest for the Orb.
     0 | Abyss:1  | Reached XP level 1. HP: 22/22 MP: 1/1
    36 | Abyss:1  | Noticed a small abomination
    37 | D:1      | Escaped the Abyss
    82 | D:1      | Reached ** piety under Lugonu
   117 | D:1      | Reached XP level 2. HP: 23/29 MP: 2/2
   535 | D:1      | Found a faded altar of an unknown god.
   628 | D:1      | Reached XP level 3. HP: 36/36 MP: 3/3
  1626 | D:2      | Reached skill level 3 in Fighting
  2237 | D:3      | You fall into a shaft and drop 1 floor!
  2300 | D:4      | Reached *** piety under Lugonu
  2340 | D:4      | Slain by an orc

Illustrated notes

Levels and vault maps discovered:
D:1:      dpeg_arrival_simpleton_c, layout_loops_ring,
          hellmonk_ecumenical_altar_pennies_from_heaven, serial_forest,
          infiniplex_forest_straight_2, infiniplex_forest_lined_ring,
          infiniplex_forest_end_2, infiniplex_forest_lined_room_2,
          infiniplex_forest_zigzag_2, infiniplex_forest_zigzag_1,
          infiniplex_forest_end_3, infiniplex_forest_clump_medium,
          nicolae_figureground_sparkle
D:2:      layout_loops_corners, kennysheep_generic_room_9
D:3:      layout_loops_ring, grunt_ministairs_2, minmay_misc_feat_diagonals,
          nicolae_shop_vocational
D:4:      layout_layer_cave, lemuel_mausoleum_altar_kikubaaqudgha,
          minmay_temple_entry_glassed_door, serial_shops,
          nicolae_lakefront_shop, gammafunk_ghost_stat_death, serial_glass,
          glass_columns_c, glass_columns_a, cheibrodos_sewer_entry_bend

Skill      XL: |  1  2  3 |
---------------+----------+-----
Dodging        | 2 |  2.3
Maces & Flails | 2 |  2.4
Fighting       | 3 |  3.1
Invocations    | |  1.9

Action                   || total
-------------------------++-------
Melee: Mace              ||   139
       Punch             ||     2
Throw: Stone             ||     1
Invok: Depart the Abyss  ||     1
  Use: Scroll            ||     3
 Stab: Sleeping          ||     1
Armor: Robe              ||    91
Dodge: Dodged            ||   119
